 Dungeon Crawl Stone Soup version 0.25.1-2-g60ff931df9 (webtiles) character file.

Game seed: 9579161595784555506

46991 DogServant the Severer (level 14, -6/135 HPs)
             Began as a Deep Dwarf Berserker on Nov 10, 2020.
             Was a High Priest of Trog.
             Killed from afar by a fire dragon (27 damage)
             ... with a blast of flame
             ... on level 6 of the Lair of Beasts.
             The game lasted 00:24:00 (16740 turns).

DogServant the Severer (Deep Dwarf Berserker)      Turns: 16740, Time: 00:24:01

Health: -6/135     AC: 22    Str: 25    XL:     14   Next: 6%
Magic:  13/13      EV: 16    Int:  9    God:    Trog [*****.]
Gold:   1406       SH:  0    Dex: 12    Spells: 13/13 levels left

rFire    . . .     SeeInvis .   S - +4 broad axe "Fioco" {vorpal, MR++}
rCold    . . .     Gourm    .   (no shield)
rNeg     + . .     Faith    .   t - +4 scale mail {rPois}
rPois    +         Spirit   .   x - +0 helmet
rElec    .         Reflect  .   D - +0 cloak
rCorr    +         Harm     .   o - +0 pair of gloves
MR       ++++.                  E - +0 pair of boots
Stlth    ..........             (no amulet)
HPRegen  0.00/turn              T - ring of resist corrosion
MPRegen  0.13/turn              e - +4 ring of protection

@: non-regenerating
A: damage resistance, heal wounds, negative energy resistance 1, sense
surroundings 2, no regeneration
a: Heal Wounds, Berserk, Trog's Hand, Brothers in Arms, Renounce Religion


You were on level 6 of the Lair of Beasts.
You worshipped Trog.
Trog was extremely pleased with you.
You were not hungry.

You visited 2 branches of the dungeon, and saw 17 of its levels.

You collected 1406 gold pieces.

Inventory:

Hand Weapons
 P - a +3 battleaxe
 S - the +4 broad axe "Fioco" (weapon) {vorpal, MR++}
   (Trog gifted it to you on level 1 of the Lair of Beasts)

   It inflicts extra damage upon your enemies.
   It affects your resistance to hostile enchantments.
 W - the +7 war axe "Ittipir" {vorpal, rPois Dex+8}
   (Trog gifted it to you on level 5 of the Lair of Beasts)

   It inflicts extra damage upon your enemies.
   It affects your dexterity (+8).
   It protects you from poison.
Missiles
 m - 15 curare-tipped darts (quivered)
 C - 37 poisoned darts
Armour
 a - a +0 plate armour
 o - a +0 pair of gloves (worn)
 t - a +4 scale mail of poison resistance (worn)
 x - a +0 helmet (worn)
 D - a +0 cloak (worn)
 E - a +0 pair of boots (worn)
Jewellery
 e - a +4 ring of protection (right hand)
 i - a cursed ring of protection from fire {unknown}
 G - an uncursed ring of see invisible
 I - an uncursed ring of protection from magic
 T - a ring of resist corrosion (left hand)
Wands
 b - a wand of flame (38)
 k - a wand of enslavement (18)
 u - a wand of digging (13)
 B - a wand of random effects (28)
 N - a wand of iceblast (2)
 Z - a wand of polymorph (9)
Scrolls
 h - 2 scrolls of identify
 r - 8 scrolls of teleportation
 v - 4 scrolls of remove curse
 w - 4 scrolls of magic mapping
 y - 4 scrolls of enchant armour
 z - a scroll of fog
 A - a scroll of vulnerability
 H - a scroll of summoning
 L - a scroll of blinking
 O - 2 scrolls of fear
 U - a scroll of brand weapon
Potions
 d - 2 potions of might
 g - 3 potions of haste
 j - 5 potions of stabbing
 l - 2 potions of ambrosia
 n - 9 potions of curing
 p - a potion of lignification
 q - a potion of mutation
 s - 2 potions of degeneration
 F - 2 potions of flight
 K - a potion of invisibility {unknown}
 M - 5 potions of heal wounds {unknown}
 Q - a potion of magic {unknown}
 R - 2 potions of resistance {unknown}
Comestibles
 c - 35 rations
 f - 15 chunks of flesh


   Skills:
 - Level 11.0 Fighting
 * Level 17.9 Axes
 - Level 9.1 Armour
 - Level 11.0 Dodging
 - Level 6.2 Evocations


You had 13 spell levels left.
You didn't know any spells.
Your spell library was empty.

Dungeon Overview and Level Annotations

Branches:
Dungeon (11/15)            Temple (0/1) D:5            Lair (6/6) D:11
  Swamp (0/4) Lair:2        Snake (0/4) Lair:2        Slime (0/5) Lair:5
    Orc (0/2) D:11

Altars:
Ashenzari
Cheibriados
Fedhas
Gozag
Ru
Sif Muna
Trog
Wu Jian
Xom
Zin
Jiyva

Shops:
D:4 ?   D:5 *

Annotations:
D:6 2 transporters, kalagan's ghost, novice GrFi
D:11 3 runed translucent doors, Texkoz's ghost, journeyman KoHu
Lair:4 3 runed translucent doors, Exodus22XD's ghost, journeyman DsGl
Lair:5 1 runed translucent door


Innate Abilities, Weirdness & Mutations

You are resistant to damage.
You can heal yourself by infusing magical energy.
You resist negative energy. (rN+)
You passively map the area around you.
You do not regenerate.


Message History

The fire dragon bites you but does no damage.
The fire dragon closely misses you.
The fire dragon tramples you but does no damage.
You slice the fire dragon!!
The fire dragon is heavily wounded.
The fire dragon breathes flames at you. The blast of flame hits you!!!
* * * LOW HITPOINT WARNING * * *
You hit the fire dragon.
The fire dragon is heavily wounded.
You slash the fire dragon!
The fire dragon is severely wounded.
The fire dragon completely misses you.
The fire dragon claws you but does no damage.
The fire dragon completely misses you.
You slash the fire dragon!
The fire dragon is severely wounded.
The fire dragon breathes flames at you. The blast of flame hits you!!
You die...

##...P.#
♣♣≈.≈♣.≈♣♣♣
♣≈≈.≈ ###..###
♣P≈≈≈♣P♣♣♣♣.!)
♣≈≈≈ ####
♣≈≈≈♣♣♣♣♣.♣$..
≈.≈ ##
♣≈≈≈♣!♣..≈P.≈≈
.#####
♣≈≈≈P♣P.≈≈≈≈≈≈
, ###P.##
♣^P.≈.(≈≈≈≈≈≈≈
≈≈ ** ......#
♣..≈≈≈≈≈≈≈≈≈.≈,
, , ......#
♣♣...≈D≈≈≈≈...
#...#.#
♣♣♣[.@≈≈≈≈.♣* ,
#######
♣♣♣♣♣♣♣♣♣♣ **


You could see a fire dragon (catching breath).

Vanquished Creatures
  A catoblepas (Lair:5)
  An anaconda (Lair:6)
  5 hydras
  3 death yaks (Lair:5)
  A swamp dragon (Lair:6)
  Pikel (D:7)
  4 lindwurms (Lair:5)
  A manticore (D:11)
  Maurice (D:8)
  4 black mambas
  Joseph (Lair:1)
  10 spiny frogs
  2 rime drakes
  8 komodo dragons
  5 trolls
  11 polar bears (Lair:6)
  Prince Ribbit (D:5)
  A raiju (Lair:6)
  3 bog bodies (Lair:2)
  16 blink frogs
  12 hippogriffs
  2 shadows (D:11)
  4 wyverns
  36 yaks
  2 basilisks
  4 hungry ghosts
  2 steam dragons (Lair:6)
  6 wargs (Lair:6)
  A swamp worm (Lair:2)
  A naga (Lair:2)
  2 acid dragons (Lair:6)
  14 hell hounds (Lair:6)
  4 porcupines
  2 orc warriors
  11 water moccasins
  A swamp drake (Lair:6)
  A sky beast (D:8)
  12 black bears
  3 phantoms
  5 ogres
  20 wolves
  7 centaurs
  9 crocodiles
  2 big kobolds
  17 bullfrogs
  2 wyvern skeletons
  3 troll zombies (D:11)
  3 scorpions (D:7)
  12 killer bees
  4 wights (D:11)
  3 electric eels
  9 howler monkeys
  2 crimson imps
  2 jellies
  9 hounds
  An orc priest (D:8)
  A gnoll shaman (D:9)
  2 bullfrog skeletons
  4 centaur skeletons
  Terence (D:2)
  6 iguanas
  5 orc wizards
  10 worker ants
  3 ogre zombies (D:11)
  A hound zombie (D:7)
  2 hound skeletons
  10 adders
  7 gnolls
  A shadow imp (D:9)
  An ooze (D:1)
  An adder zombie (D:7)
  2 dart slugs
  6 leopard geckos
  26 orcs
  A ball python (D:3)
  3 giant cockroaches
  3 goblins
  4 hobgoblins
  12 jackals
  14 kobolds
  3 quokkas
  6 bats
  3 frilled lizards
  2 goblin skeletons (D:11)
  2 goblin zombies (D:11)
  2 hobgoblin skeletons (D:11)
  3 hobgoblin zombies (D:11)
  A jackal skeleton (D:5)
  A leopard gecko skeleton (D:8)
  A leopard gecko zombie (D:7)
  2 orc skeletons (D:11)
  8 orc zombies (D:11)
  A quokka skeleton (D:7)
  4 rats
  2 fungi
  2 plants (Lair:6)
479 creatures vanquished.

Vanquished Creatures (others)
  3 fungi
  8 plants (Lair:6)
11 creatures vanquished.

Grand Total: 490 creatures vanquished

Notes
Turn   | Place    | Note
-------+----------+-------------------------------------------
     0 | D:1      | DogServant the Deep Dwarf Berserker began the quest for the
                  | Orb.
     0 | D:1      | Reached XP level 1. HP: 20/20 MP: 1/1
   139 | D:1      | Reached skill level 4 in Axes
   139 | D:1      | Reached XP level 2. HP: 14/27 MP: 2/2
  1046 | D:2      | Reached XP level 3. HP: 33/33 MP: 3/3
  1306 | D:2      | Found a shattered altar of Ashenzari.
  1458 | D:2      | Found a faded altar of an unknown god.
  1488 | D:2      | Reached skill level 5 in Axes
  1687 | D:2      | Noticed Terence
  1693 | D:2      | Killed Terence
  1693 | D:2      | Reached XP level 4. HP: 40/40 MP: 4/4
  1874 | D:3      | Found a blossoming altar of Fedhas.
  1881 | D:3      | Reached ** piety under Trog
  1921 | D:3      | Reached skill level 6 in Axes
  1994 | D:3      | Reached XP level 5. HP: 41/46 MP: 5/5
  2506 | D:4      | Reached skill level 7 in Axes
  2820 | D:4      | Reached XP level 6. HP: 45/55 MP: 6/6
  2881 | D:4      | Found Nicod's Magic Scroll Shop.
  2934 | D:5      | Entered Level 5 of the Dungeon
  2961 | D:5      | Found a sacrificial altar of Ru.
  3009 | D:5      | Found an opulent altar of Gozag.
  3012 | D:5      | Found Gozag's Platinum Reserve.
  3065 | D:5      | Noticed Prince Ribbit
  3088 | D:5      | Killed Prince Ribbit
  3088 | D:5      | Reached skill level 8 in Axes
  3088 | D:5      | Reached XP level 7. HP: 41/62 MP: 7/7
  3198 | D:5      | Found an ornate altar of the Wu Jian Council.
  3241 | D:5      | Found a staircase to the Ecumenical Temple.
  3452 | D:6      | Noticed kalagan's ghost (novice GrFi)
  3466 | D:6      | Found a transporter.
  3728 | D:6      | Reached *** piety under Trog
  3728 | D:6      | Reached XP level 8. HP: 54/72 MP: 8/8
  3911 | D:6      | Found a shimmering altar of Xom.
  3921 | D:6      | Found a snail-covered altar of Cheibriados.
  4059 | D:6      | Found a transporter.
  4174 | D:7      | Reached skill level 9 in Axes
  4213 | D:7      | Reached skill level 5 in Armour
  4216 | D:7      | Reached skill level 5 in Dodging
  4399 | D:7      | Reached skill level 5 in Fighting
  4544 | D:7      | Gained mutation: You passively map the area around you.
                  | [Deep Dwarf growth]
  4544 | D:7      | Reached XP level 9. HP: 46/81 MP: 9/9
  4694 | D:7      | Noticed Pikel
  4708 | D:7      | Killed Pikel
  5197 | D:8      | Noticed Maurice
  5206 | D:8      | Killed Maurice
  5206 | D:8      | Reached skill level 10 in Axes
  5476 | D:8      | Found a bloodstained altar of Trog.
  5524 | D:8      | Reached **** piety under Trog
  5958 | D:8      | Noticed a troll
  5962 | D:8      | Killed a troll
  5962 | D:8      | Reached skill level 1 in Evocations
  5962 | D:8      | Reached XP level 10. HP: 75/92 MP: 10/10
  5989 | D:8      | Found a shimmering blue altar of Sif Muna.
  6974 | D:9      | Found a glowing silver altar of Zin.
  6975 | D:9      | Found a blossoming altar of Fedhas.
  7214 | D:10     | Entered Level 10 of the Dungeon
  7290 | D:10     | Reached ***** piety under Trog
  7508 | D:10     | Reached skill level 11 in Axes
  7845 | D:11     | Reached skill level 5 in Evocations
  8049 | D:11     | Reached XP level 11. HP: 92/100 MP: 14/14
  8405 | D:11     | Found a staircase to the Orcish Mines.
  9251 | D:11     | Found a staircase to the Lair.
  9890 | D:11     | Found a runed translucent gate.
  9890 | D:11     | Found a runed translucent gate.
  9892 | D:11     | Found a runed translucent gate.
  9892 | D:11     | Noticed Texkoz's ghost (journeyman KoHu)
 10169 | Lair:1   | Entered Level 1 of the Lair of Beasts
 10181 | Lair:1   | Reached skill level 12 in Axes
 11017 | Lair:1   | Received a gift from Trog
 11020 | Lair:1   | Got a bloodstained broad axe {god gift}
 11021 | Lair:1   | Identified the +4 broad axe "Fioco" {vorpal, MR++} (Trog
                  | gifted it to you on level 1 of the Lair of Beasts)
 11116 | Lair:1   | Noticed Joseph
 11124 | Lair:1   | Killed Joseph
 11339 | Lair:2   | Found a staircase to the Snake Pit.
 11356 | Lair:2   | Reached skill level 10 in Dodging
 11363 | Lair:2   | Noticed a six-headed hydra
 11371 | Lair:2   | Killed a six-headed hydra
 11421 | Lair:2   | Reached skill level 13 in Axes
 11421 | Lair:2   | Reached XP level 12. HP: 92/112 MP: 13/13
 12018 | Lair:2   | Found a staircase to the Swamp.
 12381 | Lair:3   | Noticed a five-headed hydra
 12394 | Lair:3   | Killed an 11-headed hydra
 12548 | Lair:3   | Reached skill level 14 in Axes
 13147 | Lair:4   | Noticed an eight-headed hydra
 13164 | Lair:4   | Killed a 16-headed hydra
 13874 | Lair:4   | Reached skill level 10 in Fighting
 13901 | Lair:4   | Found a runed translucent gate.
 13902 | Lair:4   | Found a runed translucent gate.
 13904 | Lair:4   | Found a runed translucent gate.
 13906 | Lair:4   | Noticed Exodus22XD's ghost (journeyman DsGl)
 14151 | Lair:5   | Found a runed translucent door.
 14151 | Lair:5   | Found a viscous altar of Jiyva.
 14151 | Lair:5   | Noticed an acid blob
 14152 | Lair:5   | Found a staircase to the Slime Pits.
 14187 | Lair:5   | Received a gift from Trog
 14191 | Lair:5   | Reached skill level 15 in Axes
 14297 | Lair:5   | Got a translucent war axe {god gift}
 14298 | Lair:5   | Identified the +7 war axe "Ittipir" {vorpal, rPois Dex+8}
                  | (Trog gifted it to you on level 5 of the Lair of Beasts)
 14523 | Lair:5   | Noticed a catoblepas
 14532 | Lair:5   | Killed a catoblepas
 14532 | Lair:5   | Reached XP level 13. HP: 123/123 MP: 14/14
 15364 | Lair:6   | Entered Level 6 of the Lair of Beasts
 15541 | Lair:6   | Reached skill level 16 in Axes
 15834 | Lair:6   | Reached skill level 17 in Axes
 16645 | Lair:6   | Gained mutation: You resist negative energy. (rN+) [Deep
                  | Dwarf growth]
 16645 | Lair:6   | Reached XP level 14. HP: 70/135 MP: 13/13
 16740 | Lair:6   | Killed from afar by a fire dragon

Illustrated notes

Levels and vault maps discovered:
D:1:      nagdon_arrival_zigzag_paths, layout_basic, minmay_misc_feat_iff
D:2:      layout_basic, nicolae_overflow_crystal_walls,
          chequers_ecumenical_altar_grove, first_ration, uniq_terence
D:3:      minmay_general_purpose_star, layout_rooms, kennysheep_small_spiral,
          fedhas_altar_2
D:4:      layout_basic, lemuel_zombie_altar_kikubaaqudgha, tso_altar,
          serial_shops, shop, okawaru_altar_gauntlet_db, uniq_menkaure
D:5:      layout_rooms, lemuel_coloured_pillars_altar,
          nicolae_gozag_zags_fifth_avenue, temple_fountains,
          nicolae_ru_sacrificial_ziggurat, uniq_prince_ribbit1
D:6:      layout_loops_ring, lemuel_crystal_altar, gammafunk_ghost_stat_death,
          kennysheep_slug_shrine
D:7:      cheibrodos_barr_body, layout_basic, uniq_pikel
D:8:      layout_cave_pods, lemuel_blue_sif_altar, bloody_trog, uniq_maurice
D:9:      layout_irregular_city, minitemple, grunt_ogre_cave
D:10:     layout_cave_pools
D:11:     layout_loops_ring, lair_entry_dummy, zombieorc1_lemuel,
          gammafunk_ghost_necromancy
Lair:1:   layout_loops_ring, grunt_megastairs_1, lemuel_fruit_fields,
          uniq_joseph
Lair:2:   layout_regular_city, nicolae_swamp_entry_splash_gauntlet,
          guppyfry_snake_entry_garden
Lair:3:   layout_roguey
Lair:4:   layout_gridlike, gammafunk_ghost_necromancy
Lair:5:   layout_long_grid, slime_altar_2, minmay_lindwurm_lava
Lair:6:   guppyfry_lair_end_dragon, layout_cave_pods,
          hangedman_lair_caniforms_friends

Skill      XL: |  1  2  3  4  5  6  7  8  9 10 11 12 13 |
---------------+----------------------------------------+-----
Axes           | 4 5 6 7 8 9 10 11 13 15 17 | 17.9
Fighting       | 3 4 5 6 7 8 10 11 | 11.0
Armour         | 3 4 5 7 8 9 |  9.1
Dodging        | 3 4 5 7 8 10 11 | 11.0
Evocations     | 1 5 6 |  6.2

Action                   |  1- 3 |  4- 6 |  7- 9 | 10-12 | 13-15 || total
-------------------------+-------+-------+-------+-------+-------++-------
Melee: Hand axe          |    80 |    95 |   283 |   492 |       ||   950
       Battleaxe         |       |       |       |    28 |       ||    28
       Broad axe         |       |       |       |   249 |   323 ||   572
Throw: Dart              |       |     2 |     1 |       |       ||     3
Invok: Berserk           |     3 |     3 |     3 |    18 |     6 ||    33
       Trog's Hand       |       |       |     4 |    17 |     6 ||    27
       Brothers in Arms  |       |       |       |       |     1 ||     1
 Abil: Heal Wounds       |     1 |       |     1 |    15 |     4 ||    21
Evoke: Wand              |       |       |       |     5 |    18 ||    23
  Use: Scroll            |       |     9 |       |       |    17 ||    26
 Stab: Distracted        |       |       |       |       |     1 ||     1
       Petrifying        |       |       |       |       |     1 ||     1
       Petrified         |       |       |       |       |     1 ||     1
  Eat: Chunk             |     4 |     9 |    13 |    37 |    13 ||    76
       Ration            |       |       |       |     5 |     1 ||     6
Armor: Animal skin       |    13 |       |       |       |       ||    13
       Scale mail        |     4 |    39 |   114 |   346 |   145 ||   648
Dodge: Dodged            |    46 |    39 |   171 |   521 |   287 ||  1064
